Map: Ever Dream LE

Players

spaz (Spatz) - Winner!

  • Race: Protoss Protoss
  • League: Grandmaster
  • Spawn Location: 1:00

evilwasp

  • Race: Terran Terran
  • League: Diamond
  • Spawn Location: 7:00

VOD

Have the link to the VOD?

Description

Time

  • Played on: May 8, 2020, 11:28 a.m.
  • Length: 5:47
Show
View Real Time Build Order
Export as new Build Order

spaz Protoss - Winner!

Build Orders: 1 Gate Expand 

Get SALT Encoding   

  12  0:00  Probe  
  13  0:13  Probe  
  14  0:17  Pylon  
  14  0:25  Probe (Chrono Boost)  
  15  0:37  Probe (Chrono Boost)  
  15  0:39  Gateway  
  16  0:43  Probe (Chrono Boost)  
  16  0:45  Assimilator  
  17  0:51  Probe  
  18  1:03  Probe  
  19  1:15  Probe  
  20  1:26  Cybernetics Core  
  20  1:32  Nexus  
  20  1:38  Pylon  
  20  1:40  Probe  
  20  1:46  Assimilator  
  21  1:52  Probe  
  22  1:59  Stalker (Chrono Boost)  
  22  2:04  Probe  
  22  2:05  Warp Gate  
  25  2:16  Probe  
  25  2:19  Stalker (Chrono Boost)  
  27  2:28  Shield Battery, Probe  
  28  2:40  Probe  
  28  2:42  Stalker (Chrono Boost)  
  31  2:53  Probe  
  31  2:54  Robotics Facility  
  31  2:57  Shield Battery  
  31  3:19  Probe (Chrono Boost)  
  31  3:25  Probe (Chrono Boost)  
  31  3:29  Probe (Chrono Boost)  
  31  3:30  Gateway x2  
  31  3:33  Probe (Chrono Boost)  
  33  3:34  Probe (Chrono Boost)  
  32  3:43  Immortal (Chrono Boost), Probe  
  37  3:49  Probe  
  37  3:55  Stalker  
  38  4:03  Probe  
  38  4:07  Probe  
  38  4:08  Pylon  
  40  4:17  Immortal (Chrono Boost)  
  40  4:22  Sentry  
  46  4:28  Sentry, Pylon  
  46  4:29  Pylon  
  48  4:31  Stalker  
  48  4:33  Probe  
  48  4:36  Probe  
  52  4:43  Pylon  
  52  4:46  Probe  
  52  4:50  Sentry  
  55  4:53  Stalker, Warp Prism (Chrono Boost)  
  55  4:59  Stalker  
  61  5:06  Pylon, Probe x2  
  63  5:17  Stalker x2  
  67  5:21  Pylon  
  67  5:23  Assimilator  
  67  5:24  Probe  
  67  5:25  Probe  
Show
View Real Time Build Order
Export as new Build Order

evilwasp Terran 

Build Orders:  

Get SALT Encoding   

  12  0:01  SCV  
  13  0:13  SCV  
  14  0:17  Supply Depot  
  14  0:27  SCV  
  15  0:39  Barracks, SCV  
  16  0:51  Refinery  
  16  0:53  SCV  
  17  1:02  Barracks  
  17  1:06  SCV  
  18  1:18  SCV  
  19  1:30  Barracks Tech Lab  
  19  1:38  Orbital Command  
  19  1:52  Marauder, Supply Depot  
  19  1:53  Concussive Shells  
  20  2:03  Barracks Tech Lab  
  20  2:13  Supply Depot  
  20  2:15  Marauder  
  24  2:23  Marauder  
  24  2:32  SCV  
  24  2:36  Marauder  
  27  2:43  Refinery  
  27  2:44  Marauder  
  27  2:45  SCV  
  27  2:50  Supply Depot  
  30  2:57  Bunker  
  29  3:06  Marauder x2  
  25  3:27  Marauder  
  25  3:28  Marauder  
  29  3:50  Marauder  
  29  4:06  Marauder  
  29  4:12  Marauder  
  29  4:13  Factory  
  27  4:35  Command Center  
  27  4:37  SCV  
  28  4:46  Marauder  
  30  4:53  Bunker  
  30  4:57  Factory Tech Lab  
  30  5:01  Starport  
  30  5:02  SCV  
  31  5:09  Marine  
  32  5:14  SCV  
  36  5:29  Marine  
Tags
 
Add a new tag
Caveats
  • Supply blocks, unpowered buildings, or Contaminate may cause inaccurate times.
  • Supply counts are checked every 10 seconds.